 Dungeon Crawl Stone Soup version 0.29.0-4-gdea44cf6ec (webtiles) character file.

Game seed: 7581674817807022298

14 qw the Chopper (level 2, 0/17 HPs)
             Began as a Tengu Warper on Aug 28, 2022.
             Succumbed to their own poison gas
             ... on level 1 of the Dungeon.
             The game lasted 00:00:04 (963 turns).

qw the Chopper (Tengu Warper)                        Turns: 963, Time: 00:00:04

Health: 0/17       AC:  6    Str: 11    XL:     2   Next: 41%
Magic:  6/6        EV:  9    Int: 13    God:
Gold:   60         SH:  0    Dex: 13    Spells: 5/5 levels left

rFire   . . .      SeeInvis .   Y - +0 hand axe
rCold   . . .      Faith    .   (no shield)
rNeg    . . .      Spirit   .   f - +0 scale mail
rPois   .          Reflect  .   (helmet restricted)
rElec   .          Harm     .   (no cloak)
rCorr   .          Rampage  .   (no gloves)
Will    .....                   (boots unavailable)
Stlth   ..........              (no amulet)
HPRegen 0.05/turn               (no ring)
MPRegen 0.10/turn               (no ring)

@: lethally poisoned (0 -> -7)
A: beak, talons 3
a: no special abilities


You were on level 1 of the Dungeon.
You visited 1 branch of the dungeon, and saw 1 of its levels.

You collected 60 gold pieces.


Innate Abilities, Weirdness & Mutations

You have a beak for a mouth.
You have claws for feet.


   Skills:
 - Level 2.0 Fighting
 + Level 3.3 Axes
 - Level 1.0 Throwing
 - Level 1.1 Armour
 - Level 2.1 Dodging
 - Level 2.0 Spellcasting
 - Level 2.4 Translocations


You had 5 spell levels left.
You didn't know any spells.
Your spell library contained the following spells:

 Spells                   Type           Power      Damage    Failure   Level
 Blink                    Tloc           14%        N/A       65%         2
 Gell's Gravitas          Tloc           7%         N/A       86%         3
 Lesser Beckoning         Tloc           7%         N/A       86%         3
 Teleport Other           Tloc           7%         N/A       86%         3
 Manifold Assault         Tloc           7%         N/A       100%        5

Inventory:

Hand Weapons
 e - a +0 whip
 Y - a +0 hand axe (weapon)
Armour
 f - a +0 scale mail (worn)
Potions
 h - a potion of heal wounds {unknown}

Dungeon Overview and Level Annotations

Branches:
Dungeon (1/15)

Altars:

Shops:
D:1 (


Message History

It is a scroll of amnesia.
You feel forgetful for a moment.
Done exploring.
954 ||| READING scroll labelled CET YTEWIF.
The air fills with toxic fumes!
As you read the scroll labelled CET YTEWIF, it crumbles to dust.
It was a scroll of poison.
Done exploring.
955 ||| READING scroll labelled DIUMUMNYGA.
As you read the scroll labelled DIUMUMNYGA, it crumbles to dust.
The scroll dissolves into smoke.
It was a scroll of fog.
Done exploring.
956 ||| READING scroll labelled NAETHR VYOTZ.
As you read the scroll labelled NAETHR VYOTZ, it crumbles to dust.
It is a scroll of identify.
Really abort (and waste the scroll)?
Done exploring.
957 ||| DROPPING scroll of blinking.
You drop a scroll of blinking.
Done exploring.
(D) Dungeon
Where to? (* - list waypoints, ? - help)
What level of the Dungeon? (default 1, ? - help) Sorry, I don't know how to get there.
Done exploring.
958 ||| Stepping randomly (stuck).
Really walk into that cloud of poison gas?
You are engulfed in poison gas.
You are lethally poisoned!
You feel very sick.
959 ||| Stepping ~*~*~tactically~*~*~ (cloud).
You feel very sick.
Things that are here:
a scroll of blinking; a +0 leather armour
There is a lethal amount of poison in your body!
You feel very sick.
There is a lethal amount of poison in your body!
You feel sick.
There is a lethal amount of poison in your body!
You feel sick.
There is a lethal amount of poison in your body!
You die...

#.##.........### 777.....777
######.####...##..###77.77..<....
.......###.....#....#.7.7.....777
#######.........#.#......7.7777 7
.....##.....\.....#...7.7777 7
.###.##...).....#####7777
.....##..#%....##
#######..##...####
.............##¤@####
.............###¤¤0¤#
.............# ####0#### ###
.............# #.¤¤.## #..
.............#########0.# ####.#
.............##...# ##.## #.....
.............##...# #..###.##.#
.......########...# ##>.......#
##.##### #...# ##########


There were no monsters in sight!

Vanquished Creatures
  A ball python (D:1)
  3 bats (D:1)
  A hobgoblin (D:1)
  2 quokkas (D:1)
  2 frilled lizards (D:1)
  A goblin (D:1)
  A kobold (D:1)
  3 rats (D:1)
14 creatures vanquished.

Notes
Turn   | Place    | Note
-------+----------+-------------------------------------------
     0 | D:1      | qw the Tengu Warper began the quest for the Orb.
     0 | D:1      | Reached XP level 1. HP: 12/12 MP: 4/4
     0 | D:1      | 0 ||| qw: Version: 0.1-a-89-g26bdef1
     0 | D:1      | 0 ||| qw: Game counter: 508
     0 | D:1      | 0 ||| qw: Always use a shield: true
     0 | D:1      | 0 ||| qw: God list: Okawaru
     0 | D:1      | 0 ||| qw: Allow faded altars: false
     0 | D:1      | 0 ||| qw: Do Orc after D:15 true
     0 | D:1      | 0 ||| qw: Do second Lair branch before Depths: true
     0 | D:1      | 0 ||| qw: Lair rune preference: random
     0 | D:1      | 0 ||| qw: Plans: Normal
     0 | D:1      | 0 ||| PLANNING D:1-11
    11 | D:1      | Found Daej's Weapon Shop.
   107 | D:1      | 107 ||| SHOPLISTING +2 flail of protection (162 gold, have
                  | 11).
   484 | D:1      | Reached skill level 3 in Axes
   484 | D:1      | Reached XP level 2. HP: 12/17 MP: 6/6
   942 | D:1      | 942 ||| UPGRADING to +0 scale mail.
   952 | D:1      | 952 ||| DROPPING +0 leather armour.
   953 | D:1      | 953 ||| READING scroll labelled PACOET NUWUTT.
   954 | D:1      | 954 ||| READING scroll labelled CET YTEWIF.
   955 | D:1      | 955 ||| READING scroll labelled DIUMUMNYGA.
   956 | D:1      | 956 ||| READING scroll labelled NAETHR VYOTZ.
   957 | D:1      | 957 ||| DROPPING scroll of blinking.
   958 | D:1      | 958 ||| Stepping randomly (stuck).
   959 | D:1      | 959 ||| Stepping ~*~*~tactically~*~*~ (cloud).
   961 | D:1      | HP: 3/17 [poisoned by you (poison gas)]
   962 | D:1      | HP: 1/17 [poisoned by you (poison gas)]
   963 | D:1      | Succumbed to their own poison gas

Levels and vault maps discovered:
D:1:      roderic_dead_forest, layout_basic, serial_shops,
          nicolae_shop_bloodbath_and_beyond, minmay_cut_off

Skill      XL: |  1 |
---------------+----+-----
Axes           | 3 |  3.3
Fighting       | |  2.0
Throwing       | |  1.0
Armour         | |  1.1
Dodging        | |  2.1
Spellcasting   | |  2.0
Translocations | |  2.4

Action                   || total
-------------------------++-------
Melee: Hand axe          ||    28
       Kick              ||     3
       Peck              ||     2
Throw: Boomerang         ||     7
  Use: Scroll            ||     4
Armor: Leather armour    ||    13
Dodge: Dodged            ||    14

Table legend:
 A = Non-vault XP
 B = Vault XP
 C = Vault XP percentage of total XP
 D = Non-vault monster count
 E = Vault monster count
 F = Vault count percentage of total count
                 A         B        C        D         E       F
            +---------+---------+-------+---------+---------+-------
      Total |      16 |       4 |  20.0 |      11 |       3 |  21.4
            +---------+---------+-------+---------+---------+-------
        D:1 |      16 |       4 |  20.0 |      11 |       3 |  21.4
            +---------+---------+-------+---------+---------+-------
